Harfangs vs Royaux
(R2)
Created - November 9, 2020 at 06:39
Goals
|
Harfangs |
0 |
1 |
1 |
2 |
Royaux |
2 |
1 |
1 |
4 |
|
Shots
|
Harfangs |
14 |
7 |
9 |
30 |
Royaux |
15 |
14 |
13 |
42 |
|
1st period
1. Royaux , Kasperi Kapanen 3 (Brandon Pirri 8, Brendan Woods 4) at 13:01
2. Royaux , Brandon Pirri 8 (Kasperi Kapanen 4, Mathew Barzal 3) at 15:54 (PP)
Penalties :
Rourke Chartier (Cap) for Slashing (Minor) at 4:40, Ivan Provorov (BEA) for High sticking (Minor) at 13:44, Reid McNeill (BEA) for Goalie Interference (Minor) at 15:46, Brandon McMillan (BEA) for Hooking (Minor) at 18:27
2nd period
3. Harfangs , Michael Bournival 2 (Tyler Brenner 5) at 4:31
4. Royaux , Dylan Larkin 6 (Tye McGinn 7) at 18:49 (PP)
Penalties :
Ryan Hartman (BEA) for Holding (Minor) at 10:10, Ivan Provorov (BEA) for Hooking (Minor) at 12:34, Lucas Wallmarkk (BEA) for Holding (Minor) at 18:38
3rd period
5. Royaux , Dylan Larkin 7 (Ben Hanowski 8) at 4:25
6. Harfangs , Tyler Brenner 2 (Michael Bournival 7) at 16:00
Penalties :
Dylan Olsen (BEA) for Hooking (Minor) at 0:11, Reid McNeill (BEA) for Delaying the game (Minor) at 10:10, Phil Oreskovic (Cap) for Delaying the game (Minor) at 12:52, Ben Hanowski (Cap) for Tripping (Minor) at 17:49
Goalie Stats
Anton Forsberg (BEA), 38 saves from 42 shots - (0.905), L, 0-1-0, 60:00 minutes
Igor Shesterkin (Cap), 28 saves from 30 shots - (0.933), W, 3-4-0, 60:00 minutes
Players Stats for Harfangs
Player Name G A P +/- PIM S H SB GA TA FO MP PP MP PK MP
------------------------------------------------------------------------------------
Blake Heinrich 0 0 0 1 0 0 0 1 0 0 0/0 3:52 0:00 0:00
Brandon McMillan 0 0 0 -1 2 2 2 0 0 1 0/0 14:36 2:33 0:00
Brendan Leipsic 0 0 0 0 0 0 0 0 0 0 0/0 1:02 0:34 0:00
Brenden Kichton 0 0 0 1 0 0 0 0 0 0 0/0 3:52 0:00 0:00
Cristoval Nieves 0 0 0 0 0 1 0 1 0 0 6/9 13:34 0:00 3:06
David Kampf 0 0 0 2 0 0 0 0 0 0 2/2 11:09 1:47 0:15
Devon Teows 0 0 0 0 0 0 0 0 0 0 0/0 0:00 0:00 0:00
Dylan Olsen 0 0 0 0 2 5 0 2 0 1 0/0 24:17 3:19 6:23
Erik Nystrom 0 0 0 0 0 0 2 1 0 0 0/0 9:31 0:00 0:00
Ivan Provorov 0 0 0 -1 4 0 0 0 0 1 0/0 10:37 0:00 0:25
Jake Dotchin 0 0 0 0 0 1 0 0 0 2 0/0 19:23 2:38 4:09
Laurent Dauphin 0 0 0 0 0 0 0 0 0 0 6/12 6:17 0:00 6:10
Lucas Wallmarkk 0 0 0 -1 2 1 0 0 0 0 2/3 6:52 0:00 0:00
Mark Alt 0 0 0 -1 0 0 1 0 0 0 0/0 10:34 0:00 0:25
Michael Bournival 1 1 2 2 0 3 2 1 1 0 0/1 24:06 3:07 8:00
Morgan Klimchuk 0 0 0 -1 0 2 1 0 2 0 0/0 9:00 0:09 1:31
Nick Shore 0 0 0 -1 0 1 1 0 0 0 6/11 14:23 2:33 0:00
Reid McNeill 0 0 0 0 4 1 2 3 0 0 0/0 18:43 2:38 3:06
Rinat Valiev 0 0 0 0 0 0 0 0 0 0 0/0 2:56 0:00 2:19
Ryan Hartman 0 0 0 0 2 1 2 0 0 0 0/1 9:46 0:00 0:00
Sven Andrighetto 0 0 0 -1 0 0 3 0 1 0 0/0 7:37 0:29 0:00
Tomas Kubalik 0 0 0 -1 0 6 1 0 1 0 0/0 17:08 2:33 2:42
Tyler Brenner 1 1 2 2 0 4 3 1 0 1 11/26 18:10 3:07 2:42
Tyler Randell 0 0 0 0 0 1 1 0 0 0 0/0 4:03 0:59 0:00
Victor Bartley 0 0 0 0 0 1 4 1 1 0 0/0 26:11 3:19 7:39
Players Stats for Royaux
Player Name G A P +/- PIM S H SB GA TA FO MP PP MP PK MP
------------------------------------------------------------------------------------
Ben Hanowski 0 1 1 0 2 2 2 0 0 0 2/2 20:38 6:44 1:03
Brandon Pirri 1 1 2 1 0 3 4 0 0 0 0/0 20:17 5:24 2:01
Brendan Woods 0 1 1 0 0 2 0 0 0 1 3/4 10:52 0:00 3:24
Danny Kristo 0 0 0 -1 0 2 2 1 0 0 1/2 10:14 0:00 1:35
Dylan Larkin 2 0 2 0 0 8 3 0 0 0 18/28 19:25 6:44 0:00
Haydn Fleury 0 0 0 -1 0 0 1 0 0 0 0/0 16:50 0:00 3:51
Jordie Benn 0 0 0 1 0 0 0 2 0 0 0/0 26:51 7:26 3:51
Kasperi Kapanen 1 1 2 1 0 4 1 0 1 1 0/0 17:20 5:24 0:00
Marcus Pettersson 0 0 0 1 0 4 0 0 0 1 0/0 22:35 7:26 0:38
Mathew Barzal 0 1 1 -1 0 0 0 0 0 0 5/13 14:12 5:24 0:00
Mathieu Joseph 0 0 0 0 0 3 2 0 0 0 0/0 7:43 0:05 0:00
Phil Oreskovic 0 0 0 -1 2 3 2 0 1 1 0/0 19:00 4:47 1:28
Rourke Chartier 0 0 0 1 2 1 0 1 1 0 2/9 11:58 0:05 0:00
Simon Despres 0 0 0 0 0 1 2 1 0 1 0/0 15:59 0:00 2:06
Sonny Milano 0 0 0 -1 0 0 0 0 2 0 0/0 8:56 0:05 0:09
Travis Sanheim 0 0 0 0 0 1 3 1 0 1 0/0 19:36 4:47 0:00
Tye McGinn 0 1 1 0 0 5 2 0 0 0 0/0 22:48 6:44 3:12
Vladislav Namestnikov 0 0 0 0 0 3 1 0 1 0 1/7 8:46 0:00 0:30
3 Stars
1 - Dylan Larkin (Cap)
2 - Brandon Pirri (Cap)
3 - Tyler Brenner (BEA)
Power Play
Harfangs - 0 on 3 Attempt(s) - 0.00%
Royaux - 2 on 8 Attempt(s) - 25.00%
Penalty Kill
Harfangs - 6 on 8 Attempt(s) - 75.00%
- Score 0 goal in Penalty Kill
Royaux - 3 on 3 Attempt(s) - 100.00%
- Score 0 goal in Penalty Kill
Team Stat
Harfangs - Hits : 25 - Faceoff Wins : 33 - Blocked Shots : 11 - Penalty Minutes : 16
Royaux - Hits : 25 - Faceoff Wins : 32 - Blocked Shots : 6 - Penalty Minutes : 6
Official
Referees : Unknown
Linesman : Unknown
Game Notes
Tyler Randell is injured at 11:19 of 1st period (Broken Bone (Right Leg))
Finance
Level 1 -- Attendance: 1618 (80.90%) -- Ticket Income $56,630
Level 2 -- Attendance: 607 (60.70%) -- Ticket Income $12,140
Total Attendance: 2225 (74.17%)
Total Ticket Income: $68,770
Other Income: $3,438
Total Income: $72,208
Harfangs
5 vs 5 Forward
Center Left Wing Right Wing Time % Phy DF OF
1 Tyler Brenner Michael Bournival Tyler Randell 40 1 2 2
2 Nick Shore Brandon McMillan Tomas Kubalik 30 1 2 2
3 Cristoval Nieves Erik Nystrom Ryan Hartman 20 1 2 2
4 Lucas Wallmarkk Morgan Klimchuk Sven Andrighetto 10 1 2 2
5 vs 5 Defense
Defense Defense Time % Phy DF OF
1 Dylan Olsen Victor Bartley 40 1 2 2
2 Reid McNeill Jake Dotchin 30 1 2 2
3 Mark Alt Ivan Provorov 20 1 2 2
4 Brenden Kichton Blake Heinrich 10 1 2 2
PowerPlay Forward
Center Left Wing Right Wing Time % Phy DF OF
1 Tyler Brenner Michael Bournival Tyler Randell 60 1 2 2
2 Nick Shore Brandon McMillan Tomas Kubalik 40 1 2 2
PowerPlay Defense
Defense Defense Time % Phy DF OF
1 Dylan Olsen Victor Bartley 60 1 2 2
2 Reid McNeill Jake Dotchin 40 1 2 2
Penalty Kill 4 Players Forward
Center Wing Time % Phy DF OF
1 Tyler Randell Michael Bournival 60 1 2 2
2 Tyler Brenner Tomas Kubalik 40 1 2 2
Penalty Kill 4 Players Defense
Defense Defense Time % Phy DF OF
1 Dylan Olsen Victor Bartley 60 1 2 2
2 Reid McNeill Jake Dotchin 40 1 2 2
Penalty Kill - 3 Players Forward
Forward Time % Phy DF OF
1 Tyler Randell 60 1 2 2
2 Michael Bournival 40 1 2 2
Penalty Kill - 3 Players Defense
Defense Defense Time % Phy DF OF
1 Dylan Olsen Victor Bartley 60 1 2 2
2 Reid McNeill Jake Dotchin 40 1 2 2
4 vs 4 Forward
Center Wing Time % Phy DF OF
1 Tyler Randell Michael Bournival 60 1 2 2
2 Tyler Brenner Tomas Kubalik 40 1 2 2
4 vs 4 Defense
Defense Defense Time % Phy DF OF
1 Dylan Olsen Victor Bartley 60 1 2 2
2 Reid McNeill Jake Dotchin 40 1 2 2
Last Minutes Offensive
Center Left Wing Right Wing Defense Defense
Tyler Brenner Michael Bournival Tyler Randell Dylan Olsen Victor Bartley
Last Minutes Defensive
Center Left Wing Right Wing Defense Defense
Tyler Brenner Michael Bournival Tyler Randell Dylan Olsen Victor Bartley
Goaltenders
Starting : Anton Forsberg
Backup : Ilya Sorokin
Extra Forwards
Normal : David Kampf, Brendan Leipsic, Laurent Dauphin - PP : David Kampf, Brendan Leipsic - PK : Laurent Dauphin
Extra Defensemen
Normal : Devon Teows, Rinat Valiev, Mark Alt - PP : Devon Teows - PK : Rinat Valiev, Mark Alt
Penalty Shots
Tyler Randell, Michael Bournival, Tyler Brenner, Tomas Kubalik, Brandon McMillan
Scratches
Calle Jarnkrok (Torn Right ACL Injury), A.J. Greer (Healthy), JC Lipon (Healthy), Cooper Marody (Healthy), Nick Sorensen (Healthy)
Justin Kirkland (Healthy), Anthony Angello (Healthy), Jason Kasdorf (Healthy), Scott Wedgewood (Healthy), Zachary Fucale (Healthy)
Royaux
5 vs 5 Forward
Center Left Wing Right Wing Time % Phy DF OF
1 Dylan Larkin Tye McGinn Ben Hanowski 35 0 2 3
2 Rourke Chartier Brandon Pirri Kasperi Kapanen 35 0 2 3
3 Mathew Barzal Sonny Milano Danny Kristo 20 0 2 3
4 Vladislav Namestnikov Brendan Woods Mathieu Joseph 10 0 3 2
5 vs 5 Defense
Defense Defense Time % Phy DF OF
1 Travis Sanheim Simon Despres 35 0 3 2
2 Jordie Benn Marcus Pettersson 35 0 3 2
3 Haydn Fleury Phil Oreskovic 15 0 3 2
4 Haydn Fleury Phil Oreskovic 15 0 3 2
PowerPlay Forward
Center Left Wing Right Wing Time % Phy DF OF
1 Dylan Larkin Tye McGinn Ben Hanowski 60 0 1 4
2 Mathew Barzal Brandon Pirri Kasperi Kapanen 40 0 1 4
PowerPlay Defense
Defense Defense Time % Phy DF OF
1 Jordie Benn Marcus Pettersson 60 0 2 3
2 Phil Oreskovic Travis Sanheim 40 0 2 3
Penalty Kill 4 Players Forward
Center Wing Time % Phy DF OF
1 Brendan Woods Tye McGinn 60 0 4 1
2 Danny Kristo Ben Hanowski 40 0 4 1
Penalty Kill 4 Players Defense
Defense Defense Time % Phy DF OF
1 Jordie Benn Haydn Fleury 60 1 2 2
2 Phil Oreskovic Simon Despres 40 1 2 2
Penalty Kill - 3 Players Forward
Forward Time % Phy DF OF
1 Brendan Woods 60 0 4 1
2 Danny Kristo 40 0 4 1
Penalty Kill - 3 Players Defense
Defense Defense Time % Phy DF OF
1 Jordie Benn Haydn Fleury 60 1 2 2
2 Phil Oreskovic Simon Despres 40 1 2 2
4 vs 4 Forward
Center Wing Time % Phy DF OF
1 Dylan Larkin Tye McGinn 60 0 2 3
2 Ben Hanowski Kasperi Kapanen 40 0 2 3
4 vs 4 Defense
Defense Defense Time % Phy DF OF
1 Travis Sanheim Haydn Fleury 60 0 3 2
2 Marcus Pettersson Phil Oreskovic 40 0 3 2
Last Minutes Offensive
Center Left Wing Right Wing Defense Defense
Dylan Larkin Tye McGinn Ben Hanowski Marcus Pettersson Travis Sanheim
Last Minutes Defensive
Center Left Wing Right Wing Defense Defense
Danny Kristo Brendan Woods Tye McGinn Haydn Fleury Simon Despres
Goaltenders
Starting : Igor Shesterkin
Backup : Olivier Roy
Extra Forwards
Normal : Dylan Larkin, Kasperi Kapanen, Danny Kristo - PP : Sonny Milano, Rourke Chartier - PK : Brandon Pirri
Extra Defensemen
Normal : Simon Despres, Marcus Pettersson, Haydn Fleury - PP : Haydn Fleury - PK : Marcus Pettersson, Travis Sanheim
Penalty Shots
Dylan Larkin, Rourke Chartier, Danny Kristo, Sonny Milano, Brandon Pirri
Scratches
Garrett Wilson (Healthy), Troy Terry (Healthy), Tanner Kero (Healthy), Greg McKegg (Healthy), Nikita Pavlychev (Healthy)
Konrad Abeltshauser (Healthy), Dylan DeMelo (Healthy), Tomas Hyka (Healthy), Ian McCoshen (Healthy), Michael Bunting (Healthy)
Ryan Mantha (Healthy), Jack Ramsey (Healthy), Marcus Hogberg (Healthy)
% Time on Ice - Harfangs
Lines # - Real PCT - Wanted PCT - Time Play
Normal Forward
1 - 32% - 40% - 13:33
2 - 28% - 30% - 11:53
3 - 23% - 20% - 9:31
4 - 16% - 10% - 6:53
Normal Defense
1 - 36% - 40% - 15:13
2 - 31% - 30% - 13:01
3 - 23% - 20% - 9:44
4 - 9% - 10% - 3:52
PP Forward
1 - 57% - 60% - 3:24
2 - 43% - 40% - 2:33
PP Defense
1 - 56% - 60% - 3:19
2 - 44% - 40% - 2:38
PK Forward
1 - 78% - 60% - 9:31
2 - 22% - 40% - 2:42
PK Defense
1 - 63% - 60% - 7:39
2 - 37% - 40% - 4:34
PK3 Forward
1 - 0% - 60%
2 - 0% - 40%
PK3 Defense
1 - 0% - 60%
2 - 0% - 40%
44 Forward
1 - 0% - 60%
2 - 0% - 40%
44 Defense
1 - 0% - 60%
2 - 0% - 40%
Last Minute Offensive - 0:00
Last Minute Defensive - 0:00
Total
Forward - 60:00
Defense - 60:00
|
% Time on Ice - Royaux
Lines # - Real PCT - Wanted PCT - Time Play
Normal Forward
1 - 33% - 35% - 13:51
2 - 29% - 35% - 12:07
3 - 20% - 20% - 8:28
4 - 18% - 10% - 7:24
Normal Defense
1 - 38% - 35% - 15:57
2 - 36% - 35% - 15:14
3 - 13% - 15% - 5:14
4 - 13% - 15% - 5:25
PP Forward
1 - 56% - 60% - 6:49
2 - 44% - 40% - 5:24
PP Defense
1 - 61% - 60% - 7:26
2 - 39% - 40% - 4:47
PK Forward
1 - 73% - 60% - 4:22
2 - 27% - 40% - 1:35
PK Defense
1 - 65% - 60% - 3:51
2 - 35% - 40% - 2:06
PK3 Forward
1 - 0% - 60%
2 - 0% - 40%
PK3 Defense
1 - 0% - 60%
2 - 0% - 40%
44 Forward
1 - 0% - 60%
2 - 0% - 40%
44 Defense
1 - 0% - 60%
2 - 0% - 40%
Last Minute Offensive - 0:00
Last Minute Defensive - 0:00
Total
Forward - 60:00
Defense - 60:00
|
Play-by-Play
1st period
0:01 of 1st period - Dylan Larkin wins face-off versus Tyler Brenner in neutral zone.
0:31 of 1st period - Wrist shot by Tomas Kubalik.
0:31 of 1st period - Shot Blocked by Travis Sanheim.
0:33 of 1st period - Wrist shot by Dylan Olsen.
0:33 of 1st period - Deflect By Tomas Kubalik.
0:33 of 1st period - Stopped by Igor Shesterkin with a rebound.
0:35 of 1st period - Wrist shot by Tomas Kubalik.
0:35 of 1st period - Stopped by Igor Shesterkin with a rebound.
0:46 of 1st period - Icing by Travis Sanheim.
0:47 of 1st period - Mathew Barzal wins face-off versus Cristoval Nieves in Royaux zone.
0:47 of 1st period - Mathew Barzal is hit by Erik Nystrom.
0:55 of 1st period - Wrist shot by Danny Kristo.
0:55 of 1st period - Stopped by Anton Forsberg without a rebound.
0:56 of 1st period - Lucas Wallmarkk wins face-off versus Vladislav Namestnikov in Harfangs zone.
0:58 of 1st period - Icing by Sven Andrighetto.
0:59 of 1st period - Lucas Wallmarkk wins face-off versus Vladislav Namestnikov in Harfangs zone.
0:59 of 1st period - Lucas Wallmarkk is hit by Mathieu Joseph.
1:07 of 1st period - Slapshot by Sven Andrighetto.
1:07 of 1st period - Shot Misses the Net.
1:09 of 1st period - Wrist shot by Morgan Klimchuk.
1:09 of 1st period - Shot Misses the Net.
1:13 of 1st period - Wrist shot by Morgan Klimchuk.
1:13 of 1st period - Stopped by Igor Shesterkin without a rebound.
1:14 of 1st period - Tyler Brenner wins face-off versus Rourke Chartier in Royaux zone.
1:25 of 1st period - Snap shot by Tyler Randell.
1:25 of 1st period - Stopped by Igor Shesterkin with a rebound.
1:27 of 1st period - Slapshot by Jake Dotchin.
1:27 of 1st period - Shot Misses the Net.
1:29 of 1st period - Wrist shot by Tyler Brenner.
1:29 of 1st period - Shot Blocked by Rourke Chartier.
1:48 of 1st period - Brandon McMillan is hit by Ben Hanowski and loses puck.
2:46 of 1st period - Off-side.
2:47 of 1st period - Tyler Brenner wins face-off versus Dylan Larkin in neutral zone.
3:16 of 1st period - Off-side.
3:17 of 1st period - Rourke Chartier wins face-off versus Cristoval Nieves in neutral zone.
3:20 of 1st period - Wrist shot by Kasperi Kapanen.
3:20 of 1st period - Shot Blocked by Reid McNeill.
3:22 of 1st period - Snap shot by Rourke Chartier.
3:22 of 1st period - Stopped by Anton Forsberg with a rebound.
3:24 of 1st period - Wrist shot by Kasperi Kapanen.
3:24 of 1st period - Stopped by Anton Forsberg without a rebound.
3:25 of 1st period - Mathew Barzal wins face-off versus Ryan Hartman in Harfangs zone.
3:26 of 1st period - Wrist shot by Danny Kristo.
3:26 of 1st period - Shot Misses the Net.
3:52 of 1st period - Tyler Brenner is hit by Dylan Larkin and loses puck.
4:20 of 1st period - Wrist shot by Tomas Kubalik.
4:20 of 1st period - Stopped by Igor Shesterkin with a rebound.
4:22 of 1st period - Wrist shot by Brandon McMillan.
4:22 of 1st period - Deflect By Tomas Kubalik.
4:22 of 1st period - Stopped by Igor Shesterkin with a rebound.
4:24 of 1st period - Slapshot by Dylan Olsen.
4:24 of 1st period - Deflect By Tomas Kubalik.
4:24 of 1st period - Shot Misses the Net.
4:24 of 1st period - Puck is out of play.
4:25 of 1st period - Cristoval Nieves wins face-off versus Dylan Larkin in Royaux zone.
4:26 of 1st period - Slapshot by Ryan Hartman.
4:26 of 1st period - Stopped by Igor Shesterkin without a rebound.
4:27 of 1st period - Tyler Brenner wins face-off versus Rourke Chartier in Royaux zone.
4:38 of 1st period - Snap shot by Michael Bournival.
4:38 of 1st period - Stopped by Igor Shesterkin with a rebound.
4:40 of 1st period - Minor Penalty to Rourke Chartier for Slashing.
4:41 of 1st period - Brendan Woods wins face-off versus Tyler Brenner in Royaux zone.
4:50 of 1st period - Jordie Benn is hit by Michael Bournival.
5:08 of 1st period - Dylan Olsen is hit by Danny Kristo and loses puck.
6:11 of 1st period - Snap shot by Brandon McMillan.
6:11 of 1st period - Deflect By Nick Shore.
6:11 of 1st period - Shot Blocked by Simon Despres.
6:11 of 1st period - Puck is out of play.
6:12 of 1st period - Tyler Brenner wins face-off versus Danny Kristo in Royaux zone.
6:40 of 1st period - Penalty to Rourke Chartier is over, Rourke Chartier is back on ice.
6:53 of 1st period - Slapshot by Danny Kristo.
6:53 of 1st period - Shot Blocked by Blake Heinrich.
7:39 of 1st period - Morgan Klimchuk is hit by Vladislav Namestnikov and loses puck.
8:31 of 1st period - Rourke Chartier is hit by Tyler Brenner and loses puck.
9:16 of 1st period - Cristoval Nieves is hit by Travis Sanheim and loses puck.
10:16 of 1st period - Danny Kristo is hit by Morgan Klimchuk and loses puck.
10:37 of 1st period - Snap shot by Tye McGinn.
10:37 of 1st period - Stopped by Anton Forsberg with a rebound.
10:39 of 1st period - Snap shot by Ben Hanowski.
10:39 of 1st period - Shot Blocked by Reid McNeill.
10:41 of 1st period - Slapshot by Phil Oreskovic.
10:41 of 1st period - Shot Blocked by Tyler Brenner.
10:43 of 1st period - Wrist shot by Ben Hanowski.
10:43 of 1st period - Stopped by Anton Forsberg without a rebound.
10:44 of 1st period - Dylan Larkin wins face-off versus Nick Shore in Harfangs zone.
10:47 of 1st period - Snap shot by Tye McGinn.
10:47 of 1st period - Shot Misses the Net.
10:59 of 1st period - Snap shot by Dylan Larkin.
10:59 of 1st period - Stopped by Anton Forsberg with a rebound.
11:11 of 1st period - Phil Oreskovic is hit by Tyler Randell and loses puck.
11:18 of 1st period - Tyler Randell is hit by Brandon Pirri.
11:19 of 1st period - Tyler Randell from Harfangs is injured at 11:19 of 1st period (Broken Bone (Right Leg)).
11:20 of 1st period - Dylan Larkin wins face-off versus Tyler Brenner in Harfangs zone.
11:29 of 1st period - Snap shot by Dylan Larkin.
11:29 of 1st period - Stopped by Anton Forsberg without a rebound.
11:30 of 1st period - Dylan Larkin wins face-off versus Tyler Brenner in Harfangs zone.
11:35 of 1st period - Snap shot by Ben Hanowski.
11:35 of 1st period - Deflect By Tye McGinn.
11:35 of 1st period - Stopped by Anton Forsberg without a rebound.
11:36 of 1st period - Dylan Larkin wins face-off versus Tyler Brenner in Harfangs zone.
11:49 of 1st period - Off-side.
11:50 of 1st period - Nick Shore wins face-off versus Rourke Chartier in neutral zone.
12:15 of 1st period - Wrist shot by Michael Bournival.
12:15 of 1st period - Deflect By Tyler Brenner.
12:15 of 1st period - Stopped by Igor Shesterkin with a rebound.
12:27 of 1st period - Victor Bartley is hit by Dylan Larkin and loses puck.
12:40 of 1st period - Haydn Fleury is hit by Victor Bartley and loses puck.
13:01 of 1st period - Snap shot by Kasperi Kapanen.
13:01 of 1st period - Goal by Kasperi Kapanen - Harfangs : 0 - Royaux : 1.
13:02 of 1st period - Rourke Chartier wins face-off versus Tyler Brenner in neutral zone.
13:44 of 1st period - Minor Penalty to Ivan Provorov for High sticking.
13:45 of 1st period - Ben Hanowski wins face-off versus Laurent Dauphin in Harfangs zone.
13:52 of 1st period - Wrist shot by Tye McGinn.
13:52 of 1st period - Shot Blocked by Victor Bartley.
14:15 of 1st period - Snap shot by Brandon Pirri.
14:15 of 1st period - Shot Misses the Net.
14:17 of 1st period - Snap shot by Brandon Pirri.
14:17 of 1st period - Shot Blocked by Dylan Olsen.
15:37 of 1st period - Dylan Larkin is hit by Reid McNeill and loses puck.
15:44 of 1st period - Penalty to Ivan Provorov is over, Ivan Provorov is back on ice.
15:46 of 1st period - Minor Penalty to Reid McNeill for Goalie Interference.
15:47 of 1st period - Mathew Barzal wins face-off versus Laurent Dauphin in Harfangs zone.
15:52 of 1st period - Snap shot by Kasperi Kapanen.
15:52 of 1st period - Shot Blocked by Michael Bournival.
15:54 of 1st period - Wrist shot by Brandon Pirri.
15:54 of 1st period - Goal by Brandon Pirri - Harfangs : 0 - Royaux : 2.
15:55 of 1st period - Tyler Brenner wins face-off versus Rourke Chartier in neutral zone.
16:16 of 1st period - Kasperi Kapanen is hit by Michael Bournival and loses puck.
16:49 of 1st period - Snap shot by Dylan Olsen.
16:49 of 1st period - Stopped by Igor Shesterkin with a rebound.
16:51 of 1st period - Slapshot by Dylan Olsen.
16:51 of 1st period - Stopped by Igor Shesterkin with a rebound.
16:53 of 1st period - Slapshot by Dylan Olsen.
16:53 of 1st period - Deflect By Brandon McMillan.
16:53 of 1st period - Stopped by Igor Shesterkin with a rebound.
17:35 of 1st period - Snap shot by Morgan Klimchuk.
17:35 of 1st period - Stopped by Igor Shesterkin with a rebound.
17:37 of 1st period - Snap shot by Morgan Klimchuk.
17:37 of 1st period - Shot Misses the Net.
17:41 of 1st period - Slapshot by Lucas Wallmarkk.
17:41 of 1st period - Stopped by Igor Shesterkin without a rebound.
17:42 of 1st period - Mathew Barzal wins face-off versus Tyler Brenner in Royaux zone.
17:51 of 1st period - Wrist shot by Danny Kristo.
17:51 of 1st period - Shot Misses the Net.
17:57 of 1st period - Snap shot by Danny Kristo.
17:57 of 1st period - Stopped by Anton Forsberg without a rebound.
17:58 of 1st period - Dylan Larkin wins face-off versus Nick Shore in Harfangs zone.
18:05 of 1st period - Snap shot by Dylan Larkin.
18:05 of 1st period - Stopped by Anton Forsberg without a rebound.
18:06 of 1st period - Nick Shore wins face-off versus Dylan Larkin in Harfangs zone.
18:11 of 1st period - Slapshot by Tye McGinn.
18:11 of 1st period - Shot Misses the Net.
18:27 of 1st period - Minor Penalty to Brandon McMillan for Hooking.
18:28 of 1st period - Dylan Larkin wins face-off versus Laurent Dauphin in Harfangs zone.
18:37 of 1st period - Snap shot by Tye McGinn.
18:37 of 1st period - Stopped by Anton Forsberg without a rebound.
18:38 of 1st period - Laurent Dauphin wins face-off versus Dylan Larkin in Harfangs zone.
19:01 of 1st period - Snap shot by Dylan Larkin.
19:01 of 1st period - Shot Blocked by Dylan Olsen.
19:03 of 1st period - Slapshot by Marcus Pettersson.
19:03 of 1st period - Shot Misses the Net.
19:05 of 1st period - Snap shot by Ben Hanowski.
19:05 of 1st period - Stopped by Anton Forsberg with a rebound.
19:07 of 1st period - Slapshot by Jordie Benn.
19:07 of 1st period - Shot Misses the Net.
19:13 of 1st period - Snap shot by Tye McGinn.
19:13 of 1st period - Stopped by Anton Forsberg without a rebound.
19:14 of 1st period - Cristoval Nieves wins face-off versus Mathew Barzal in Harfangs zone.
19:24 of 1st period - Icing by Travis Sanheim.
19:25 of 1st period - Mathew Barzal wins face-off versus Tyler Brenner in Royaux zone.
Goals for this period are 0 for Harfangs vs 2 for Royaux.
Shots for this period are 14 for Harfangs vs 15 for Royaux.
2nd period
0:01 of 2nd period - Dylan Larkin wins face-off versus Laurent Dauphin in neutral zone.
0:27 of 2nd period - Penalty to Brandon McMillan is over, Brandon McMillan is back on ice.
1:06 of 2nd period - Brandon McMillan is hit by Tye McGinn and loses puck.
1:47 of 2nd period - Dylan Olsen is hit by Kasperi Kapanen and loses puck.
2:07 of 2nd period - Victor Bartley is hit by Simon Despres and loses puck.
2:43 of 2nd period - Phil Oreskovic is hit by Brandon McMillan.
2:47 of 2nd period - Tomas Kubalik is hit by Phil Oreskovic and loses puck.
3:02 of 2nd period - Snap shot by Kasperi Kapanen.
3:02 of 2nd period - Stopped by Anton Forsberg with a rebound.
3:04 of 2nd period - Wrist shot by Jordie Benn.
3:04 of 2nd period - Shot Misses the Net.
3:40 of 2nd period - Slapshot by Sven Andrighetto.
3:40 of 2nd period - Shot Misses the Net.
3:48 of 2nd period - Sven Andrighetto is hit by Travis Sanheim and loses puck.
3:59 of 2nd period - Jordie Benn is hit by Brandon McMillan and loses puck.
4:16 of 2nd period - Snap shot by Cristoval Nieves.
4:16 of 2nd period - Stopped by Igor Shesterkin without a rebound.
4:17 of 2nd period - Danny Kristo wins face-off versus Cristoval Nieves in Royaux zone.
4:19 of 2nd period - Icing by Phil Oreskovic.
4:20 of 2nd period - Tyler Brenner wins face-off versus Mathew Barzal in Royaux zone.
4:31 of 2nd period - Snap shot by Tyler Brenner.
4:31 of 2nd period - Deflect By Michael Bournival.
4:31 of 2nd period - Goal by Michael Bournival - Harfangs : 1 - Royaux : 2.
4:32 of 2nd period - Dylan Larkin wins face-off versus Tyler Brenner in neutral zone.
4:34 of 2nd period - Off-side.
4:35 of 2nd period - Dylan Larkin wins face-off versus Tyler Brenner in neutral zone.
5:13 of 2nd period - Wrist shot by Dylan Larkin.
5:13 of 2nd period - Stopped by Anton Forsberg with a rebound.
5:15 of 2nd period - Wrist shot by Marcus Pettersson.
5:15 of 2nd period - Stopped by Anton Forsberg without a rebound.
5:16 of 2nd period - Nick Shore wins face-off versus Rourke Chartier in Harfangs zone.
5:41 of 2nd period - Victor Bartley is hit by Danny Kristo and loses puck.
6:25 of 2nd period - Jordie Benn is hit by Mark Alt and loses puck.
7:39 of 2nd period - Snap shot by Ben Hanowski.
7:39 of 2nd period - Shot Misses the Net.
7:43 of 2nd period - Snap shot by Dylan Larkin.
7:43 of 2nd period - Stopped by Anton Forsberg with a rebound.
8:20 of 2nd period - Victor Bartley is hit by Simon Despres and loses puck.
8:55 of 2nd period - Jordie Benn is hit by Tomas Kubalik and loses puck.
9:06 of 2nd period - Slapshot by Tye McGinn.
9:06 of 2nd period - Shot Misses the Net.
9:08 of 2nd period - Wrist shot by Brendan Woods.
9:08 of 2nd period - Stopped by Anton Forsberg with a rebound.
9:10 of 2nd period - Slapshot by Jordie Benn.
9:10 of 2nd period - Deflect By Mathieu Joseph.
9:10 of 2nd period - Shot Misses the Net.
9:10 of 2nd period - Puck is out of play.
9:11 of 2nd period - Tyler Brenner wins face-off versus Vladislav Namestnikov in Harfangs zone.
9:18 of 2nd period - Snap shot by Tyler Brenner.
9:18 of 2nd period - Shot Misses the Net.
9:56 of 2nd period - Travis Sanheim is hit by Erik Nystrom and loses puck.
10:10 of 2nd period - Minor Penalty to Ryan Hartman for Holding.
10:11 of 2nd period - Dylan Larkin wins face-off versus Laurent Dauphin in Harfangs zone.
10:40 of 2nd period - Icing by Marcus Pettersson.
10:41 of 2nd period - Cristoval Nieves wins face-off versus Mathew Barzal in Royaux zone.
10:42 of 2nd period - Snap shot by Michael Bournival.
10:42 of 2nd period - Shot Blocked by Jordie Benn.
10:44 of 2nd period - Snap shot by Michael Bournival.
10:44 of 2nd period - Shot Misses the Net.
10:46 of 2nd period - Slapshot by Reid McNeill.
10:46 of 2nd period - Stopped by Igor Shesterkin without a rebound.
10:47 of 2nd period - Cristoval Nieves wins face-off versus Dylan Larkin in Royaux zone.
11:15 of 2nd period - Snap shot by Dylan Larkin.
11:15 of 2nd period - Deflect By Tye McGinn.
11:15 of 2nd period - Stopped by Anton Forsberg with a rebound.
11:17 of 2nd period - Snap shot by Dylan Larkin.
11:17 of 2nd period - Stopped by Anton Forsberg without a rebound.
11:18 of 2nd period - Laurent Dauphin wins face-off versus Mathew Barzal in Harfangs zone.
12:10 of 2nd period - Penalty to Ryan Hartman is over, Ryan Hartman is back on ice.
12:11 of 2nd period - Wrist shot by Tomas Kubalik.
12:11 of 2nd period - Stopped by Igor Shesterkin with a rebound.
12:25 of 2nd period - Wrist shot by Vladislav Namestnikov.
12:25 of 2nd period - Stopped by Anton Forsberg without a rebound.
12:26 of 2nd period - Vladislav Namestnikov wins face-off versus Nick Shore in Harfangs zone.
12:34 of 2nd period - Minor Penalty to Ivan Provorov for Hooking.
12:35 of 2nd period - Dylan Larkin wins face-off versus Michael Bournival in Harfangs zone.
14:01 of 2nd period - Snap shot by Tomas Kubalik.
14:01 of 2nd period - Stopped by Igor Shesterkin without a rebound.
14:02 of 2nd period - Laurent Dauphin wins face-off versus Mathew Barzal in Royaux zone.
14:34 of 2nd period - Penalty to Ivan Provorov is over, Ivan Provorov is back on ice.
14:38 of 2nd period - Off-side.
14:39 of 2nd period - Nick Shore wins face-off versus Vladislav Namestnikov in neutral zone.
15:04 of 2nd period - Marcus Pettersson is hit by Ryan Hartman and loses puck.
15:11 of 2nd period - Snap shot by Brandon Pirri.
15:11 of 2nd period - Stopped by Anton Forsberg with a rebound.
15:13 of 2nd period - Slapshot by Phil Oreskovic.
15:13 of 2nd period - Stopped by Anton Forsberg without a rebound.
15:14 of 2nd period - Dylan Larkin wins face-off versus Tyler Brenner in Harfangs zone.
16:08 of 2nd period - Off-side.
16:09 of 2nd period - Ben Hanowski wins face-off versus Tyler Brenner in neutral zone.
16:41 of 2nd period - Snap shot by Brandon McMillan.
16:41 of 2nd period - Shot Misses the Net.
16:57 of 2nd period - Sonny Milano is hit by Sven Andrighetto and loses puck.
17:13 of 2nd period - Off-side.
17:14 of 2nd period - Tyler Brenner wins face-off versus Vladislav Namestnikov in neutral zone.
17:39 of 2nd period - Nick Shore is hit by Phil Oreskovic and loses puck.
17:48 of 2nd period - Wrist shot by Nick Shore.
17:48 of 2nd period - Stopped by Igor Shesterkin with a rebound.
18:27 of 2nd period - Snap shot by Tyler Brenner.
18:27 of 2nd period - Shot Blocked by Danny Kristo.
18:29 of 2nd period - Wrist shot by Tyler Brenner.
18:29 of 2nd period - Stopped by Igor Shesterkin with a rebound.
18:38 of 2nd period - Minor Penalty to Lucas Wallmarkk for Holding.
18:39 of 2nd period - Laurent Dauphin wins face-off versus Dylan Larkin in Harfangs zone.
18:49 of 2nd period - Wrist shot by Dylan Larkin.
18:49 of 2nd period - Goal by Dylan Larkin - Harfangs : 1 - Royaux : 3.
18:50 of 2nd period - David Kampf wins face-off versus Dylan Larkin in neutral zone.
19:41 of 2nd period - Wrist shot by Rourke Chartier.
19:41 of 2nd period - Shot Blocked by Reid McNeill.
19:43 of 2nd period - Wrist shot by Brandon Pirri.
19:43 of 2nd period - Stopped by Anton Forsberg with a rebound.
19:45 of 2nd period - Slapshot by Kasperi Kapanen.
19:45 of 2nd period - Stopped by Anton Forsberg with a rebound.
19:47 of 2nd period - Slapshot by Marcus Pettersson.
19:47 of 2nd period - Deflect By Nick Shore.
19:47 of 2nd period - Stopped by Anton Forsberg with a rebound.
Goals for this period are 1 for Harfangs vs 1 for Royaux.
Shots for this period are 7 for Harfangs vs 14 for Royaux.
3rd period
0:01 of 3rd period - Tyler Brenner wins face-off versus Rourke Chartier in neutral zone.
0:11 of 3rd period - Minor Penalty to Dylan Olsen for Hooking.
0:12 of 3rd period - Laurent Dauphin wins face-off versus Dylan Larkin in Harfangs zone.
0:17 of 3rd period - Slapshot by Victor Bartley.
0:17 of 3rd period - Stopped by Igor Shesterkin with a rebound.
0:19 of 3rd period - Wrist shot by Michael Bournival.
0:19 of 3rd period - Shot Misses the Net.
0:21 of 3rd period - Snap shot by Michael Bournival.
0:21 of 3rd period - Shot Misses the Net.
0:28 of 3rd period - Snap shot by Michael Bournival.
0:28 of 3rd period - Shot Misses the Net.
0:38 of 3rd period - Rinat Valiev is hit by Brandon Pirri and loses puck.
0:43 of 3rd period - Slapshot by Marcus Pettersson.
0:43 of 3rd period - Deflect By Victor Bartley.
0:43 of 3rd period - Stopped by Anton Forsberg with a rebound.
0:45 of 3rd period - Snap shot by Marcus Pettersson.
0:45 of 3rd period - Deflect By Michael Bournival.
0:45 of 3rd period - Stopped by Anton Forsberg without a rebound.
0:46 of 3rd period - Laurent Dauphin wins face-off versus Mathew Barzal in Harfangs zone.
1:11 of 3rd period - Laurent Dauphin is hit by Tye McGinn and loses puck.
1:28 of 3rd period - Snap shot by Tomas Kubalik.
1:28 of 3rd period - Deflect By Tyler Brenner.
1:28 of 3rd period - Shot Blocked by Jordie Benn.
1:28 of 3rd period - Puck is out of play.
1:29 of 3rd period - Dylan Larkin wins face-off versus Tyler Brenner in Royaux zone.
1:53 of 3rd period - Mathew Barzal is hit by Victor Bartley.
2:01 of 3rd period - Slapshot by Kasperi Kapanen.
2:01 of 3rd period - Shot Misses the Net.
2:11 of 3rd period - Penalty to Dylan Olsen is over, Dylan Olsen is back on ice.
4:21 of 3rd period - Snap shot by Brendan Woods.
4:21 of 3rd period - Stopped by Anton Forsberg without a rebound.
4:22 of 3rd period - Dylan Larkin wins face-off versus Lucas Wallmarkk in Harfangs zone.
4:25 of 3rd period - Snap shot by Dylan Larkin.
4:25 of 3rd period - Goal by Dylan Larkin - Harfangs : 1 - Royaux : 4.
4:26 of 3rd period - Dylan Larkin wins face-off versus Tyler Brenner in neutral zone.
4:31 of 3rd period - Tyler Brenner is hit by Ben Hanowski and loses puck.
4:52 of 3rd period - Dylan Olsen is hit by Brandon Pirri and loses puck.
5:15 of 3rd period - Slapshot by Danny Kristo.
5:15 of 3rd period - Shot Blocked by Erik Nystrom.
5:17 of 3rd period - Backhand shot by Travis Sanheim.
5:17 of 3rd period - Deflect By Erik Nystrom.
5:17 of 3rd period - Stopped by Anton Forsberg with a rebound.
5:21 of 3rd period - Wrist shot by Mathew Barzal.
5:21 of 3rd period - Deflect By Danny Kristo.
5:21 of 3rd period - Shot Misses the Net.
5:21 of 3rd period - Puck is out of play.
5:22 of 3rd period - Tyler Brenner wins face-off versus Dylan Larkin in Harfangs zone.
5:22 of 3rd period - Tyler Brenner is hit by Dylan Larkin.
5:36 of 3rd period - Jordie Benn is hit by Tyler Brenner and loses puck.
6:10 of 3rd period - Sonny Milano is hit by Sven Andrighetto and loses puck.
6:35 of 3rd period - Snap shot by Mathieu Joseph.
6:35 of 3rd period - Stopped by Anton Forsberg with a rebound.
6:37 of 3rd period - Slapshot by Phil Oreskovic.
6:37 of 3rd period - Shot Misses the Net.
6:55 of 3rd period - Travis Sanheim is hit by Nick Shore and loses puck.
7:06 of 3rd period - Wrist shot by Brandon McMillan.
7:06 of 3rd period - Stopped by Igor Shesterkin with a rebound.
8:11 of 3rd period - Snap shot by Brendan Woods.
8:11 of 3rd period - Shot Misses the Net.
9:55 of 3rd period - Travis Sanheim is hit by Ryan Hartman and loses puck.
10:10 of 3rd period - Minor Penalty to Reid McNeill for Delaying the game.
10:11 of 3rd period - Dylan Larkin wins face-off versus Laurent Dauphin in Harfangs zone.
11:00 of 3rd period - Slapshot by Jake Dotchin.
11:00 of 3rd period - Stopped by Igor Shesterkin with a rebound.
12:10 of 3rd period - Penalty to Reid McNeill is over, Reid McNeill is back on ice.
12:30 of 3rd period - Wrist shot by Vladislav Namestnikov.
12:30 of 3rd period - Stopped by Anton Forsberg with a rebound.
12:32 of 3rd period - Slapshot by Simon Despres.
12:32 of 3rd period - Stopped by Anton Forsberg with a rebound.
12:34 of 3rd period - Snap shot by Vladislav Namestnikov.
12:34 of 3rd period - Stopped by Anton Forsberg without a rebound.
12:35 of 3rd period - Nick Shore wins face-off versus Vladislav Namestnikov in Harfangs zone.
12:35 of 3rd period - Nick Shore is hit by Mathieu Joseph.
12:46 of 3rd period - Off-side.
12:47 of 3rd period - Nick Shore wins face-off versus Rourke Chartier in neutral zone.
12:50 of 3rd period - Snap shot by Dylan Olsen.
12:50 of 3rd period - Stopped by Igor Shesterkin with a rebound.
12:52 of 3rd period - Minor Penalty to Phil Oreskovic for Delaying the game.
12:53 of 3rd period - Brendan Woods wins face-off versus Nick Shore in Royaux zone.
12:53 of 3rd period - Brendan Woods is hit by Victor Bartley.
13:03 of 3rd period - Snap shot by Tomas Kubalik.
13:03 of 3rd period - Shot Misses the Net.
13:05 of 3rd period - Snap shot by Tomas Kubalik.
13:05 of 3rd period - Shot Misses the Net.
13:07 of 3rd period - Slapshot by Dylan Olsen.
13:07 of 3rd period - Stopped by Igor Shesterkin without a rebound.
13:08 of 3rd period - David Kampf wins face-off versus Brendan Woods in Royaux zone.
13:11 of 3rd period - Wrist shot by Michael Bournival.
13:11 of 3rd period - Shot Misses the Net.
13:23 of 3rd period - Snap shot by Tyler Brenner.
13:23 of 3rd period - Stopped by Igor Shesterkin with a rebound.
14:52 of 3rd period - Penalty to Phil Oreskovic is over, Phil Oreskovic is back on ice.
14:52 of 3rd period - Jordie Benn is hit by Sven Andrighetto and loses puck.
15:19 of 3rd period - Snap shot by Phil Oreskovic.
15:19 of 3rd period - Shot Misses the Net.
15:33 of 3rd period - Snap shot by Phil Oreskovic.
15:33 of 3rd period - Shot Misses the Net.
15:35 of 3rd period - Snap shot by Phil Oreskovic.
15:35 of 3rd period - Shot Misses the Net.
15:37 of 3rd period - Slapshot by Haydn Fleury.
15:37 of 3rd period - Shot Blocked by Cristoval Nieves.
15:39 of 3rd period - Wrist shot by Vladislav Namestnikov.
15:39 of 3rd period - Shot Misses the Net.
15:41 of 3rd period - Wrist shot by Phil Oreskovic.
15:41 of 3rd period - Stopped by Anton Forsberg with a rebound.
15:43 of 3rd period - Snap shot by Vladislav Namestnikov.
15:43 of 3rd period - Deflect By Phil Oreskovic.
15:43 of 3rd period - Stopped by Anton Forsberg without a rebound.
15:44 of 3rd period - Dylan Larkin wins face-off versus Nick Shore in Harfangs zone.
15:54 of 3rd period - Icing by Simon Despres.
15:55 of 3rd period - Tyler Brenner wins face-off versus Dylan Larkin in Royaux zone.
16:00 of 3rd period - Backhand shot by Tyler Brenner.
16:00 of 3rd period - Goal by Tyler Brenner - Harfangs : 2 - Royaux : 4.
16:01 of 3rd period - Cristoval Nieves wins face-off versus Mathew Barzal in neutral zone.
16:05 of 3rd period - Victor Bartley is hit by Travis Sanheim and loses puck.
16:34 of 3rd period - Snap shot by Michael Bournival.
16:34 of 3rd period - Stopped by Igor Shesterkin with a rebound.
16:36 of 3rd period - Slapshot by Dylan Olsen.
16:36 of 3rd period - Stopped by Igor Shesterkin with a rebound.
17:07 of 3rd period - Wrist shot by Brendan Woods.
17:07 of 3rd period - Shot Misses the Net.
17:13 of 3rd period - Snap shot by Mathieu Joseph.
17:13 of 3rd period - Stopped by Anton Forsberg with a rebound.
17:15 of 3rd period - Wrist shot by Mathieu Joseph.
17:15 of 3rd period - Stopped by Anton Forsberg without a rebound.
17:16 of 3rd period - Cristoval Nieves wins face-off versus Mathew Barzal in Harfangs zone.
17:43 of 3rd period - Dylan Larkin is hit by Tyler Brenner and loses puck.
17:49 of 3rd period - Minor Penalty to Ben Hanowski for Tripping.
17:50 of 3rd period - Brendan Woods wins face-off versus Tyler Brenner in Royaux zone.
18:01 of 3rd period - Michael Bournival is hit by Haydn Fleury and loses puck.
18:08 of 3rd period - Haydn Fleury is hit by Victor Bartley and loses puck.
18:29 of 3rd period - Brandon McMillan is hit by Brandon Pirri and loses puck.
19:36 of 3rd period - Haydn Fleury is hit by Reid McNeill and loses puck.
19:49 of 3rd period - Penalty to Ben Hanowski is over, Ben Hanowski is back on ice.
Goals for this period are 1 for Harfangs vs 1 for Royaux.
Shots for this period are 9 for Harfangs vs 13 for Royaux.